Map: Orbital Shipyard

Players

iAsonu - Winner!

  • Race: Zerg Zerg

Elazer

  • Race: Zerg Zerg

Event: 2016 WCS Winter Circuit Championship

VOD

Have the link to the VOD?

Description

Time

  • Played on: March 4, 2016, 9:41 a.m.
  • Length: 11:47

All games in this series

Show
View Real Time Build Order
Export as new Build Order

iAsonu Zerg - Winner!

Build Orders: Hatch First 

Get SALT Encoding   

  12  0:01  Drone  
  13  0:12  Overlord  
  13  0:17  Drone  
  14  0:30  Drone  
  14  0:31  Drone  
  16  0:37  Drone  
  17  0:51  Hatchery  
  17  0:54  Drone  
  17  0:56  Drone  
  18  0:59  Extractor  
  17  1:12  Spawning Pool  
  17  1:15  Drone  
  17  1:19  Drone  
  18  1:30  Drone  
  19  1:40  Overlord  
  19  1:49  Drone  
  20  1:59  Queen  
  20  2:00  Metabolic Boost, Zergling x2  
  23  2:02  Queen  
  23  2:06  Drone  
  26  2:12  Drone  
  26  2:14  Drone  
  28  2:23  Baneling Nest  
  28  2:28  Drone  
  28  2:29  Drone  
  29  2:34  Zergling x2  
  30  2:46  Hatchery  
  30  2:47  Drone  
  30  2:52  Drone  
  30  2:57  Overlord  
  31  3:03  Drone  
  32  3:10  Zergling x6  
  32  3:11  Drone  
  36  3:13  Baneling x2  
  36  3:16  Drone x2  
  36  3:17  Drone  
  39  3:21  Drone  
  39  3:22  Drone  
  41  3:31  Drone  
  41  3:35  Overlord  
  41  3:39  Drone, Zergling x2  
  42  3:42  Drone x2  
  42  3:47  Overlord  
  44  3:52  Queen  
  44  3:55  Baneling x2  
  46  3:56  Drone x2  
  46  4:01  Drone x2  
  50  4:03  Drone  
  50  4:05  Extractor  
  50  4:07  Roach Warren  
  50  4:08  Drone  
  50  4:14  Drone  
  50  4:15  Drone x3  
  50  4:16  Drone  
  55  4:17  Drone  
  55  4:19  Extractor, Overlord  
  55  4:21  Drone  
  55  4:22  Drone  
  57  4:27  Lair  
  57  4:28  Drone  
  57  4:30  Drone  
  59  4:32  Drone  
  59  4:36  Evolution Chamber  
  59  4:37  Drone x2  
  60  4:43  Drone x2  
  60  4:44  Drone  
  62  4:48  Drone  
  62  4:49  Drone  
  62  4:50  Drone x3  
  62  4:51  Pneumatized Carapace  
  67  4:53  Drone  
  67  4:55  Drone  
  67  4:56  Drone  
  67  4:59  Drone  
  71  5:02  Zerg Missile Weapons Level 1, Drone x2  
  71  5:05  Extractor  
  71  5:06  Extractor  
  71  5:07  Overlord  
  71  5:08  Extractor  
  71  5:11  Drone  
  71  5:13  Drone  
  72  5:16  Overlord  
  72  5:25  Overlord  
  72  5:26  Glial Reconstitution  
  72  5:27  Overseer  
  71  5:30  Roach x4  
  71  5:33  Roach  
  71  5:34  Overlord  
  81  5:37  Roach x4  
  81  5:42  Drone  
  90  5:44  Roach  
  90  5:48  Roach  
  90  5:49  Roach  
  96  5:52  Roach  
  96  5:53  Overlord  
  96  5:54  Drone x2  
  96  5:55  Roach  
  102  5:59  Roach  
  102  6:01  Roach  
  102  6:03  Overlord  
  106  6:05  Overseer  
  106  6:06  Overlord  
  106  6:10  Overlord  
  106  6:12  Roach x2  
  106  6:13  Roach x2  
  106  6:18  Overlord  
  114  6:21  Overlord  
  114  6:23  Roach x3  
  120  6:26  Spine Crawler  
  120  6:28  Spine Crawler, Roach  
  120  6:29  Roach x3  
  126  6:38  Hatchery  
  125  6:40  Roach  
  125  6:41  Roach x3  
  125  6:43  Overlord  
  133  6:47  Roach  
  133  6:48  Roach  
  137  6:58  Zerg Missile Weapons Level 2  
  137  6:59  Roach x5  
  144  7:10  Roach x6  
  144  7:12  Overlord  
  147  7:23  Roach x6  
  147  7:29  Roach x3  
  158  7:34  Ravager x5  
  163  7:42  Drone x3  
  166  7:46  Overlord  
  166  7:48  Roach x2  
  170  8:08  Roach x7  
  170  8:10  Overlord  
  184  8:23  Roach  
  184  8:24  Roach x2  
  184  8:27  Overlord  
  184  8:31  Overlord  
  184  8:32  Overlord  
  184  8:33  Queen  
  166  8:50  Roach x3  
  166  8:51  Roach x11  
  188  9:02  Roach x3  
  180  9:10  Roach x2  
  184  9:22  Roach  
  184  9:23  Roach x2  
  186  9:29  Roach x5  
  196  9:35  Roach x3  
  196  9:36  Zerg Ground Armor Level 1  
  188  9:40  Roach  
Show
View Real Time Build Order
Export as new Build Order

Elazer Zerg 

Build Orders: Hatch First 

Get SALT Encoding   

  12  0:00  Drone  
  13  0:12  Overlord  
  13  0:16  Drone  
  14  0:30  Drone x2  
  14  0:34  Drone  
  17  0:52  Hatchery  
  17  0:54  Drone  
  17  0:57  Drone  
  18  1:08  Extractor  
  17  1:12  Spawning Pool  
  17  1:15  Drone  
  17  1:19  Drone  
  18  1:28  Drone  
  19  1:40  Overlord  
  19  1:51  Drone  
  20  1:59  Queen  
  20  2:00  Zergling x2  
  23  2:03  Queen  
  23  2:04  Drone  
  26  2:08  Metabolic Boost  
  26  2:11  Drone  
  26  2:14  Drone  
  28  2:22  Drone  
  29  2:28  Drone  
  30  2:32  Zergling x2  
  30  2:36  Hatchery  
  30  2:42  Queen  
  32  2:46  Overlord  
  32  2:51  Drone x2  
  32  2:56  Drone  
  35  3:00  Drone  
  36  3:10  Zergling x2  
  36  3:11  Zergling x8  
  40  3:14  Overlord  
  40  3:15  Drone x2  
  42  3:25  Roach Warren  
  42  3:26  Drone x2  
  42  3:39  Zergling x4  
  43  3:43  Overlord  
  43  3:46  Drone x2  
  45  3:49  Extractor  
  45  3:50  Drone x3  
  47  3:55  Drone  
  47  3:56  Drone x3  
  51  4:03  Drone  
  51  4:05  Drone x2  
  54  4:14  Overlord  
  54  4:15  Drone  
  54  4:16  Drone  
  56  4:18  Extractor  
  56  4:19  Evolution Chamber, Drone x3  
  56  4:21  Drone  
  56  4:23  Drone  
  59  4:24  Drone x2  
  59  4:27  Drone x2  
  59  4:28  Drone  
  59  4:29  Drone  
  59  4:30  Drone  
  66  4:32  Drone  
  66  4:35  Overlord  
  65  4:49  Zerg Missile Weapons Level 1, Drone x6, Lair  
  65  4:51  Drone  
  70  4:55  Drone, Extractor  
  70  4:56  Drone, Extractor  
  70  4:57  Drone x2  
  70  4:59  Roach  
  78  5:00  Roach x2  
  78  5:03  Roach  
  80  5:13  Overlord  
  80  5:16  Pneumatized Carapace  
  80  5:17  Roach  
  80  5:19  Overlord x2  
  82  5:26  Overlord  
  80  5:29  Overlord x4  
  80  5:30  Roach  
  80  5:32  Roach x4  
  90  5:38  Roach x3  
  90  5:42  Drone  
  97  5:44  Extractor  
  97  5:48  Glial Reconstitution  
  96  5:50  Drone x3  
  96  5:55  Roach x4  
  107  6:05  Roach x6  
  107  6:08  Drone  
  120  6:13  Ravager x3  
  120  6:15  Ravager, Overlord  
  120  6:17  Queen  
  126  6:21  Hydralisk Den  
  125  6:28  Roach x4  
  125  6:32  Hatchery  
  132  6:35  Overlord x2  
  132  6:41  Roach x2  
  132  6:42  Roach x5  
  146  6:49  Zerg Missile Weapons Level 2  
  146  6:50  Overlord  
  146  7:00  Muscular Augments, Overlord  
  146  7:04  Overseer  
  146  7:06  Hydralisk x2  
  150  7:21  Hydralisk  
  150  7:22  Hydralisk x4  
  150  7:25  Drone x3  
  150  7:26  Drone x3  
  150  7:28  Roach  
  150  7:29  Roach x3  
  160  7:40  Roach x4  
  160  7:42  Ravager  
  163  7:58  Extractor, Roach x2  
  163  7:59  Overlord, Roach x3  
  163  8:00  Overlord  
  163  8:01  Ravager x2  
  163  8:02  Extractor  
  163  8:04  Roach x5  
  181  8:14  Roach  
  174  8:26  Roach  
  174  8:27  Roach x7  
  174  8:33  Roach x4  
  182  8:40  Roach  
  182  8:41  Roach x3  
  167  8:47  Roach x5  
  165  8:52  Roach x3  
  157  8:59  Roach x2  
  157  9:00  Roach x2  
  157  9:02  Roach  
  143  9:03  Roach  
  143  9:09  Roach x3  
  141  9:16  Roach x3  
  134  9:21  Roach  
  128  9:24  Roach x2  
  128  9:28  Roach x4  
  128  9:36  Hydralisk x2  
  128  9:38  Roach x2  
Tags
 
Add a new tag
Caveats
  • Supply blocks, unpowered buildings, or Contaminate may cause inaccurate times.
  • Supply counts are checked every 10 seconds.